 Dungeon Crawl Stone Soup version 0.23-a0-204-g3eb00d1601 (webtiles) character file.

126270 PikkenKukken the Bludgeoner (level 16, -3/101 HPs)
             Began as a Gargoyle Fighter on Sept 24, 2018.
             Was the Champion of Zin.
             Slain by an anaconda simulacrum (14 damage)
             ... on level 2 of the Abyss.
             The game lasted 01:02:55 (27090 turns).

PikkenKukken the Bludgeoner (Gargoyle Fighter)     Turns: 27090, Time: 01:02:56

Health: -3/101     AC: 37    Str: 27    XL:     16   Next: 98%
Magic:  17/25      EV: 11    Int:  9    God:    Zin [******]
Gold:   2279       SH: 13    Dex: 12    Spells: 15/15 levels left

rFire    + + .     SeeInvis .   u - +5 mace "Arcanum" {freeze, Dex+3}
rCold    . . .     Gourm    .   P - +0 shield {rF+}
rNeg     + + .     Faith    .   d - +3 plate armour {rF+}
rPois    ∞         Spirit   .   (no helmet)
rElec    +         Reflect  .   (no cloak)
rCorr    .         Harm     .   K - +0 pair of gloves
MR       +....                  c - +0 pair of boots
Stlth    ..........             r - amulet of regeneration
HPRegen  0.66/turn              B - ring of positive energy
MPRegen  0.19/turn              M - +3 ring of protection

@: flying
A: big wings, negative energy resistance 1, electricity resistance, unbreathing,
petrification resistance, rot immunity, AC +12
a: Stop Flying, Recite, Vitalisation, Imprison, Sanctuary, Donate Gold, Renounce
Religion


You were on level 2 of the Abyss.
You worshipped Zin.
Zin was exalted by your worship.
You were not hungry.

You visited 6 branches of the dungeon, and saw 27 of its levels.
You visited the Abyss 1 time.
You visited 1 bazaar.
You also visited: Bailey.

You collected 2657 gold pieces.
You spent 62 gold pieces at shops.
You donated 316 gold pieces to Zin.

Inventory:

Hand Weapons
 u - the +5 mace "Arcanum" (weapon) {freeze, Dex+3}
   (You found it on level 4 of the Dungeon)

   It has been specially enchanted to freeze those struck by it, causing extra
   injury to most foes and up to half again as much damage against particularly
   susceptible opponents.
   It can also slow down cold-blooded creatures.
   It affects your dexterity (+3).
 w - a +1 whip of electrocution
Armour
 c - a +0 pair of boots (worn)
 d - a +3 plate armour of fire resistance (worn)
 h - a +0 pair of boots
 K - a +0 pair of gloves (worn)
 P - a +0 shield of fire resistance (worn)
Jewellery
 j - an uncursed amulet of rage
 r - an amulet of regeneration (around neck)
 B - a ring of positive energy (left hand)
 G - an uncursed ring of see invisible
 M - a +3 ring of protection (right hand)
Wands
 b - a wand of disintegration (6)
 A - a wand of iceblast (17)
 D - a wand of flame (26)
 H - a wand of scattershot (7)
 J - a wand of digging (22)
 L - a wand of acid (30)
Scrolls
 a - 2 scrolls of fear
 g - 11 scrolls of identify
 l - 3 scrolls of enchant weapon
 o - 16 scrolls of remove curse
 p - 2 scrolls of magic mapping
 q - 4 scrolls of amnesia
 y - 6 scrolls of blinking
 z - 6 scrolls of teleportation
 E - 3 scrolls of enchant armour
 N - a scroll of silence
Potions
 e - 7 potions of brilliance
 i - 3 potions of cancellation
 k - 10 potions of curing
 m - 5 potions of agility
 n - 3 potions of mutation
 s - 5 potions of resistance
 t - 3 potions of magic
 v - a potion of heal wounds
 x - 6 potions of haste
 C - a potion of berserk rage
 F - a potion of ambrosia
 I - a potion of might
 O - a potion of invisibility
Comestibles
 f - 30 rations


   Skills:
 + Level 11.9 Fighting
 * Level 16.1 Maces & Flails
 + Level 13.3 Armour
 + Level 8.9 Dodging
 + Level 11.8 Shields
 + Level 12.9 Invocations
 + Level 4.9 Evocations


You had 15 spell levels left.
You didn't know any spells.
Your spell library contained the following spells:

 Spells                   Type           Power        Failure   Level  Hunger
 Apportation              Tloc           #.....       99%         1    ##.....
 Corona                   Hex            #......      99%         1    ##.....
 Shock                    Conj/Air       #...         99%         1    ##.....
 Summon Butterflies       Summ           #.......     99%         1    ##.....
 Ensorcelled Hibernation  Hex/Ice        #.....       100%        2    ###....
 Confuse                  Hex            #.......     100%        3    ####...
 Dazzling Spray           Conj/Hex       #.....       100%        3    ####...
 Lesser Beckoning         Tloc           #.........   100%        3    ####...
 Recall                   Summ/Tloc      N/A          100%        3    ####...
 Tukima's Dance           Hex            #.......     100%        3    ####...
 Alistair's Intoxication  Tmut/Pois      #.......     100%        5    ######.
 Aura of Abjuration       Summ           #.........   100%        5    ######.
 Summon Demon             Summ           #.........   100%        5    ######.
 Summon Forest            Summ/Tloc      #.........   100%        5    ######.
 Summon Mana Viper        Hex/Summ       #.......     100%        5    ######.
 Invisibility             Hex            #.......     100%        6    #######
 Shadow Creatures         Summ           N/A          100%        6    #######


Dungeon Overview and Level Annotations

Branches:
Dungeon (13/15)            Temple (1/1) D:5            Lair (6/6) D:8
 Shoals (2/4) Lair:3        Snake (3/4) Lair:2        Slime (0/5) Lair:5
    Orc (2/2) D:9             Elf (0/3) Orc:2
 Vaults: D:13-14

Altars:
Ashenzari
Cheibriados
Dithmenos
Gozag
Kikubaaqudgha
Makhleb
Nemelex Xobeh
Okawaru
Qazlal
Ru
Sif Muna
Trog
Uskayaw
Wu Jian
Xom
Yredelemnul
Zin
The Shining One
Jiyva

Shops:
D:13 %   Orc:2 =**(   Snake:1 (


Innate Abilities, Weirdness & Mutations

You are resistant to torment.
Your stone body is resilient. (AC +12)
You are immune to poison.
Your large and strong wings let you fly indefinitely.
You resist negative energy. (rN+)
You are resistant to electric shocks. (rElec)
You can survive without breathing.
You are immune to petrification.
You are immune to rotting.


Message History

You block the anaconda simulacrum's attack.
The soul eater draws from the surrounding life force!
The soul eater is healed.
You closely miss the soul eater.
The soul eater is almost dead.
You block the anaconda simulacrum's attack.
The anaconda simulacrum bites you! The anaconda simulacrum freezes you!!
The soul eater hits you but does no damage.
You block the anaconda simulacrum's attack.
The anaconda simulacrum bites you! The anaconda simulacrum freezes you!!
* * * LOW HITPOINT WARNING * * *
Unknown command.
Unknown command.
You hit the soul eater but do no damage.
The soul eater is almost dead.
The anaconda simulacrum constricts you but does no damage.
The anaconda simulacrum bites you.
* * * LOW HITPOINT WARNING * * *
The anaconda simulacrum freezes you!
You die...

# . #.## # #.
.# .# . .#
#.#.....# ..
.. .# #
.##..## #.
.##.... ## #..
#.##.. # #.
#..#.. # ##
..####.#
#.#..# ##
#@.#...
#.3Z......#
......###..#..
##...##. #....
#... # ##
..#.. .....
#####


You could see a soul eater and an anaconda simulacrum.

Vanquished Creatures
  A tentacled starspawn (Abyss:2)
  Kirke (Lair:6)
  A nagaraja (Snake:3)
  An orc warlord (Bailey)
  A war gargoyle (D:12)
  Snorg (Lair:4)
  A merfolk javelineer (Shoals:2)
  A fire dragon (Lair:6)
  8 hydras
  Harold (D:8)
  A catoblepas (Lair:1)
  6 naga warriors
  2 two-headed ogres
  A centaur warrior (D:13)
  5 anacondas
  Urug (Lair:1)
  A tengu warrior (D:13)
  5 shock serpents
  3 orc high priests (Orc:2)
  6 naga sharpshooters
  A wretched star (Abyss:2)
  A salamander mystic (Snake:3)
  3 sea snakes (Shoals:2)
  2 naga ritualists
  A swamp dragon (Lair:5)
  Pikel (D:4)
  8 orc knights
  3 mana vipers
  3 harpies (Shoals:1)
  3 orc sorcerers (Orc:2)
  2 ugly things
  2 cyclopes
  3 fauns (Shoals:1)
  2 merfolk sirens
  5 salamanders (Snake:3)
  27 black mambas
  3 guardian serpents (Snake:3)
  2 manticores
  Joseph (D:8)
  5 naga magi
  3 water nymphs
  7 spiny frogs
  10 gargoyles
  5 komodo dragons
  3 rime drakes
  5 kobold demonologists
  A tengu conjurer (D:13)
  An ancient zyme (Abyss:2)
  2 trolls
  A hornet (D:9)
  5 merfolk
  8 slime creatures
  24 blink frogs
  2 wind drakes
  7 dream sheep
  16 hippogriffs
  2 snapping turtles (Shoals:1)
  3 vampires
  2 water elementals (Shoals:1)
  5 wyverns
  36 yaks
  9 basilisks
  3 hogs
  4 steam dragons (Lair:6)
  7 vampire mosquitoes (D:12)
  2 hungry ghosts
  30 nagas
  A soldier ant (D:11)
  2 wargs (D:8)
  An acid dragon (Lair:6)
  Duvessa (D:4)
  10 water moccasins
  34 orc warriors
  5 porcupines
  A swamp drake (Lair:6)
  4 phantoms
  A black bear (D:8)
  2 eyes of draining
  5 ice beasts
  7 sky beasts
  A necrophage (D:11)
  8 ogres
  5 wolves (Lair:4)
  6 centaurs
  18 crocodiles
  4 big kobolds
  23 bullfrogs
  Dowan (D:4)
  5 scorpions
  A wyvern skeleton (D:6)
  11 killer bees
  5 wights
  An electric eel (Lair:2)
  A centaur zombie (D:12)
  8 crimson imps
  4 bullfrog zombies
  5 hounds
  A bullfrog skeleton (D:12)
  7 jellies
  A centaur skeleton (D:11)
  A gnoll shaman (D:5)
  12 orc priests
  Crazy Yiuf (D:4)
  23 orc wizards
  4 iguanas
  9 worker ants
  4 hell rats (Lair:5)
  2 killer bee zombies
  A hound skeleton (D:9)
  4 worker ant zombies
  14 gnolls
  A howler monkey skeleton (D:4)
  16 adders
  4 shadow imps
  9 oozes
  A worm (D:3)
  4 dart slugs
  8 leopard geckos
  96 orcs
  23 bats
  6 giant cockroaches
  25 goblins
  16 hobgoblins
  9 jackals
  24 kobolds
  7 quokkas
  5 ball pythons
  2 frilled lizards
  2 goblin zombies (D:9)
  A kobold skeleton (D:9)
  2 kobold zombies (D:9)
  A leopard gecko zombie (D:7)
  2 orc skeletons (D:9)
  An orc zombie (D:9)
  2 quokka skeletons
  6 rats
867 creatures vanquished.

Vanquished Creatures (others)
  An orc sorcerer (Orc:2)
  An orc warrior (Orc:2)
  A crocodile (Lair:6)
  An orc priest (Orc:2)
  An orc wizard (D:4)
  An adder (D:4)
  A jackal (D:4)
  10 fungi
  A pillar of salt (Abyss:2)
  9 plants
  6 starspawn tentacles (Abyss:2)
33 creatures vanquished.

Grand Total: 900 creatures vanquished

Notes
Turn   | Place    | Note
-------+----------+-------------------------------------------
     0 | D:1      | PikkenKukken the Gargoyle Fighter began the quest for the
                  | Orb.
     0 | D:1      | Reached XP level 1. HP: 14/14 MP: 1/1
   113 | D:1      | Reached XP level 2. HP: 19/19 MP: 2/2
   509 | D:1      | Reached XP level 3. HP: 23/23 MP: 3/3
  1110 | D:2      | Reached XP level 4. HP: 28/29 MP: 4/4
  1155 | D:2      | Reached skill level 3 in Maces & Flails
  1298 | D:2      | Reached skill level 1 in Dodging
  1632 | D:3      | Reached XP level 5. HP: 27/33 MP: 5/5
  2477 | D:4      | Noticed Dowan
  2481 | D:4      | Noticed Duvessa
  2485 | D:4      | Noticed a phantom
  2499 | D:4      | Killed Duvessa
  2499 | D:4      | Reached skill level 4 in Maces & Flails
  2499 | D:4      | Reached XP level 6. HP: 18/38 MP: 6/6
  2500 | D:4      | Killed Dowan
  2525 | D:3      | Killed a phantom
  2803 | D:4      | Got a twisted mace
  2804 | D:4      | Identified the +5 mace "Arcanum" {freeze, Dex+3} (You found
                  | it on level 4 of the Dungeon)
  2807 | D:4      | Found a runed door.
  2811 | D:4      | Noticed Crazy Yiuf
  2816 | D:4      | Killed Crazy Yiuf
  2816 | D:4      | Reached XP level 7. HP: 42/44 MP: 7/7
  2836 | D:4      | Noticed Pikel
  3060 | D:4      | Killed Pikel
  3060 | D:4      | Reached skill level 5 in Fighting
  3060 | D:4      | Reached skill level 5 in Maces & Flails
  3060 | D:4      | Reached skill level 5 in Armour
  3060 | D:4      | Reached skill level 5 in Shields
  3060 | D:4      | Reached XP level 8. HP: 47/49 MP: 8/8
  3156 | D:4      | Reached skill level 6 in Maces & Flails
  3248 | D:4      | Found an iron altar of Okawaru.
  3248 | D:4      | Found a sacrificial altar of Ru.
  3249 | D:4      | Found an ornate altar of the Wu Jian Council.
  3249 | D:4      | Found a shattered altar of Ashenzari.
  3507 | D:5      | Entered Level 5 of the Dungeon
  3979 | D:5      | Reached XP level 9. HP: 55/55 MP: 9/9
  4133 | D:5      | Reached skill level 7 in Maces & Flails
  4238 | D:5      | Found a staircase to the Ecumenical Temple.
  4244 | Temple   | Entered the Ecumenical Temple
  4310 | Temple   | Became a worshipper of Zin the Law-Giver
  4310 | Temple   | Reached * piety under Zin
  4311 | Temple   | Donated 136 gold pieces to Zin
  4697 | D:6      | Reached ** piety under Zin
  5070 | D:7      | Found a bloodstained altar of Trog.
  5108 | D:7      | Reached *** piety under Zin
  5233 | D:7      | Found a flagged portal.
  5254 | Bailey   | Entered a bailey
  5466 | Bailey   | Reached skill level 8 in Maces & Flails
  5557 | Bailey   | Noticed an orc knight
  5573 | Bailey   | Killed an orc knight
  5573 | Bailey   | Reached skill level 1 in Invocations
  5573 | Bailey   | Reached XP level 10. HP: 34/63 MP: 10/10
  5974 | Bailey   | Noticed an orc knight
  5999 | Bailey   | Killed an orc knight
  6099 | Bailey   | Reached skill level 11 in Maces & Flails
  6099 | Bailey   | Reached XP level 11. HP: 67/67 MP: 11/16
  6100 | Bailey   | Reached skill level 10 in Armour
  6100 | Bailey   | Reached XP level 12. HP: 72/72 MP: 11/19
  6462 | Bailey   | Noticed an orc warlord
  6478 | Bailey   | Killed an orc warlord
  6541 | D:7      | Reached **** piety under Zin
  6776 | D:7      | Found a shimmering altar of Xom.
  7289 | D:8      | Reached skill level 12 in Maces & Flails
  7315 | D:8      | Reached skill level 5 in Dodging
  7428 | D:8      | Found a staircase to the Lair.
  7634 | D:8      | Noticed Harold
  7652 | D:8      | Killed Harold
  7790 | D:8      | Noticed Joseph
  7799 | D:8      | Killed Joseph
  8091 | D:9      | Found a glowing golden altar of the Shining One.
  8288 | D:9      | Found a shadowy altar of Dithmenos.
  8377 | D:9      | Reached XP level 13. HP: 66/78 MP: 20/20
  8479 | D:9      | Found a staircase to the Orcish Mines.
  8511 | D:9      | Reached skill level 10 in Invocations
  8723 | D:9      | Found a hide-covered altar of Uskayaw.
  8836 | D:9      | Reached ***** piety under Zin
  8973 | D:10     | Entered Level 10 of the Dungeon
  9709 | Lair:1   | Entered Level 1 of the Lair of Beasts
 10443 | Lair:1   | Noticed Urug
 10460 | Lair:1   | Killed Urug
 11072 | Lair:2   | Reached skill level 13 in Maces & Flails
 11182 | Lair:2   | Found a staircase to the Snake Pit.
 11577 | Lair:2   | Got a twitching silver ring
 11579 | Lair:2   | Identified the ring "Kalued" {*Tele +Inv MR++ Dex+4 Slay-6}
                  | (You found it on level 2 of the Lair of Beasts)
 12612 | Lair:3   | Gained mutation: Your large and strong wings let you fly
                  | indefinitely. [Gargoyle growth]
 12612 | Lair:3   | Reached XP level 14. HP: 82/86 MP: 22/22
 12759 | Lair:3   | Found a staircase to the Shoals.
 13008 | Lair:3   | Found a stormy altar of Qazlal.
 13758 | Lair:4   | Noticed Snorg
 13777 | Lair:4   | Killed Snorg
 15322 | Lair:5   | Found a viscous altar of Jiyva.
 15323 | Lair:5   | Found a staircase to the Slime Pits.
 15579 | Lair:6   | Entered Level 6 of the Lair of Beasts
 15718 | Lair:6   | Reached skill level 14 in Maces & Flails
 16045 | Lair:5   | Reached skill level 10 in Fighting
 16086 | Lair:6   | Reached skill level 10 in Shields
 16273 | Lair:6   | Reached ****** piety under Zin
 16276 | Lair:6   | Noticed Kirke
 16334 | Lair:6   | Killed Kirke
 17374 | Orc:1    | Entered Level 1 of the Orcish Mines
 17508 | Orc:2    | Entered Level 2 of the Orcish Mines
 17529 | Orc:1    | Identified Sif Muna's Collected Works on the Birds
 17534 | Orc:1    | Found a deep blue altar of Sif Muna.
 17567 | Orc:1    | Reached XP level 15. HP: 92/92 MP: 23/23
 17616 | Orc:2    | Found a flickering gateway to a bazaar.
 17625 | Bazaar   | Entered a bazaar
 17634 | Bazaar   | Found Ijautoargh's Food Boutique.
 17638 | Bazaar   | Found Biocuit's Distillery.
 17643 | Bazaar   | Found Utzeik Hamu's Book Shoppe.
 17652 | Bazaar   | Found Daecifyxt's General Store.
 17655 | Bazaar   | Found Pirivet's Food Shoppe.
 17660 | Bazaar   | Bought a scroll of identify for 14 gold pieces
 17770 | Orc:2    | Found a staircase to the Elven Halls.
 18620 | Orc:2    | Reached skill level 1 in Evocations
 18740 | Orc:2    | Paralysed by an orc sorcerer for 3 turns
 18862 | Orc:2    | Found Uproiw's Weapon Shop.
 18862 | Orc:2    | Found Uruyriwkoi's Jewellery Emporium.
 18864 | Orc:2    | Found Fihoo's General Store.
 18864 | Orc:2    | Found Rexusiwn's Assorted Antiques.
 18873 | Orc:2    | Bought a scroll of identify for 48 gold pieces
 20944 | D:12     | Reached skill level 15 in Maces & Flails
 21392 | D:13     | Found Kapaosm's Food Boutique.
 22212 | Snake:1  | Entered Level 1 of the Snake Pit
 22614 | Snake:1  | Found Yleghal's Antique Weapon Boutique.
 22943 | Snake:1  | Reached XP level 16. HP: 77/100 MP: 25/25
 24925 | Snake:3  | Noticed a nagaraja
 24939 | Snake:3  | Killed a nagaraja
 25323 | Shoals:1 | Entered Level 1 of the Shoals
 26395 | Shoals:2 | Reached skill level 16 in Maces & Flails
 26783 | Shoals:2 | Cast into level 2 of the Abyss (merfolk javelineer)
 26812 | Abyss:2  | Noticed a bone dragon
 26825 | Abyss:2  | Noticed a tentacled starspawn
 26838 | Abyss:2  | Killed a tentacled starspawn
 26844 | Abyss:2  | Noticed a tentacled starspawn
 26934 | Abyss:2  | Noticed an Executioner
 27090 | Abyss:2  | Slain by an anaconda simulacrum

Vault maps used:
D:1:      dpeg_arrival_water_temple_mockup, minivault_27, bh_walls_and_bars
D:2:      first_ration, serial_glass, glass_columns_b, glass_columns_b,
          glass_columns_a, glass_columns_c, glass_columns_a
D:3:      st_stairs_10
D:4:      chequers_temple_overflow_statue_of_worship, uniq_pikel,
          uniq_crazy_yiuf_cottage, uniq_duvessa
D:5:      minmay_temple_entry_mist
D:7:      lemuel_crystal_altar, lemuel_round_altar, enter_bailey_3
D:8:      erik_lair_orcish_takeover, hangedman_little_slice_of_home,
          uniq_harold, uniq_joseph
D:9:      nicolae_dithmenos_shadow_blocks, nicolae_tso_besieged_by_evil,
          nicolae_overflow_crystal_walls, orc_0_dummy
D:12:     gargoyle_guard
D:13:     serial_shops, shop
Temple:   oiseaux_autumnal_temple
Lair:1:   serial_bayou_pond_d, beast_lair_carwin_10, uniq_urug
Lair:2:   minmay_snake_entry_guardpost_small, grunt_megastairs_4,
          serial_bayou_shore_b, serial_bayou_shore_a
Lair:3:   minmay_shoals_entry_centaurs, basic_altar, beast_lair_carwin_5,
          grunt_megastairs_5
Lair:4:   lemuel_fruit_fields, uniq_snorg
Lair:5:   dpeg_slime_entry_enclosed_altar, roderic_batcave
Lair:6:   guppyfry_lair_end_dragon, uniq_kirke
Shoals:1: abandoned_shop
Shoals:2: cheibrodos_shoals_epimethial_gifts, serial_shops, shop, st_sunken_huts
Snake:1:  serial_shops, nicolae_shop_statue_plus
Snake:2:  statue_in_the_mist_lemuel, spider_trap, nicolae_coiled_stairwell_down
Orc:1:    led_sif_book
Orc:2:    grunt_orc_tribal_feast, serial_shops, bzr_entry_islet
Bazaar:   bazaar_kb_twisted_cavern
Bailey:   bailey_axe_minmay_hex_keep, bailey

Skill      XL: |  1  2  3  4  5  6  7  8  9 10 11 12 13 14 15 16 |
---------------+-------------------------------------------------+-----
Maces & Flails | 3 4 5 6 8 11 12 13 14 15 16 | 16.1
Dodging        | 1 2 3 4 5 6 7 8 |  8.9
Fighting       | 4 5 7 8 9 10 11 | 11.9
Armour         | 4 5 7 10 11 12 13 | 13.3
Shields        | 4 5 7 8 9 10 11 | 11.8
Invocations    | 1 6 9 10 11 12 | 12.9
Evocations     | 3 4 |  4.9

Action                   |  1- 3 |  4- 6 |  7- 9 | 10-12 | 13-15 | 16-18 || total
-------------------------+-------+-------+-------+-------+-------+-------++-------
Melee: Flail             |   153 |   227 |       |       |       |       ||   380
       Mace              |       |     4 |   323 |   422 |  2181 |   703 ||  3633
       Whip              |       |       |       |       |       |    43 ||    43
Invok: Recite            |       |       |     3 |     4 |    24 |     9 ||    40
       Donate Gold       |       |       |     1 |       |       |       ||     1
       Vitalisation      |       |       |       |     1 |       |       ||     1
       Sanctuary         |       |       |       |       |       |     1 ||     1
 Abil: Fly               |       |       |       |       |     1 |       ||     1
Evoke: Wand              |       |       |       |     5 |    11 |     4 ||    20
  Use: Scroll            |     3 |     8 |     2 |     5 |    17 |     3 ||    38
       Potion            |       |     1 |     2 |     6 |     4 |     6 ||    19
 Stab: Confused          |       |       |     1 |     2 |    17 |     3 ||    23
       Paralysed         |       |       |       |     3 |    25 |       ||    28
       Invisible         |       |       |       |     1 |     2 |       ||     3
  Eat: Chunk             |     1 |     6 |     5 |     1 |    26 |     2 ||    41
       Ration            |       |       |     2 |     3 |     7 |     4 ||    16
Armor: Scale mail        |   117 |   120 |   125 |     1 |       |       ||   363
       Plate armour      |       |       |       |   175 |  1030 |   411 ||  1616
       Chain mail        |       |       |       |     1 |       |       ||     1
Dodge: Dodged            |    65 |    66 |    91 |   109 |   646 |   240 ||  1217
Block: Shield            |   100 |   111 |   185 |   208 |  1191 |   432 ||  2227

Table legend:
 A = Non-vault XP
 B = Vault XP
 C = Vault XP percentage of total XP
 D = Non-vault monster count
 E = Vault monster count
 F = Vault count percentage of total count
                 A         B        C        D         E       F
            +---------+---------+-------+---------+---------+-------
      Total |  126456 |   36247 |  22.3 |     664 |     202 |  23.3
            +---------+---------+-------+---------+---------+-------
        D:1 |      41 |       0 |   0.0 |      22 |       0 |   0.0
        D:2 |     100 |       0 |   0.0 |      23 |       0 |   0.0
        D:3 |     180 |       6 |   3.2 |      25 |       2 |   7.4
        D:4 |     517 |     898 |  63.5 |      17 |       4 |  19.0
        D:5 |     921 |       0 |   0.0 |      25 |       0 |   0.0
        D:6 |     508 |       0 |   0.0 |      17 |       0 |   0.0
        D:7 |     966 |       6 |   0.6 |      23 |       4 |  14.8
        D:8 |    1614 |    2194 |  57.6 |      35 |      18 |  34.0
        D:9 |    2994 |      19 |   0.6 |      29 |       9 |  23.7
       D:10 |    1745 |       0 |   0.0 |      27 |       0 |   0.0
       D:11 |    5901 |       0 |   0.0 |      35 |       0 |   0.0
       D:12 |    5659 |    4371 |  43.6 |      31 |       9 |  22.5
       D:13 |    6518 |       0 |   0.0 |      43 |       0 |   0.0
     Lair:1 |    4993 |    3859 |  43.6 |      22 |      13 |  37.1
     Lair:2 |    5654 |     502 |   8.2 |      21 |       3 |  12.5
     Lair:3 |    4467 |    1215 |  21.4 |      24 |       8 |  25.0
     Lair:4 |    6525 |    1185 |  15.4 |      22 |       1 |   4.3
     Lair:5 |    8751 |    1113 |  11.3 |      31 |      12 |  27.9
     Lair:6 |    6201 |    6220 |  50.1 |      22 |      17 |  43.6
   Shoals:1 |    6913 |       0 |   0.0 |      17 |       0 |   0.0
   Shoals:2 |    3649 |    2037 |  35.8 |       7 |       4 |  36.4
    Snake:1 |   10945 |       0 |   0.0 |      25 |       0 |   0.0
    Snake:2 |    5740 |     452 |   7.3 |      10 |       1 |   9.1
    Snake:3 |   27563 |       0 |   0.0 |      53 |       0 |   0.0
      Orc:1 |     659 |      75 |  10.2 |      16 |       2 |  11.1
      Orc:2 |    3009 |    6731 |  69.1 |      36 |      26 |  41.9
    Abyss:2 |    3723 |       0 |   0.0 |       6 |       0 |   0.0
     Bailey |       0 |    5364 | 100.0 |       0 |      69 | 100.0
            +---------+---------+-------+---------+---------+-------
